 Dungeon Crawl Stone Soup version 0.26.1-11-gd32895ea62 (webtiles) character file.

Game seed: 8030681515145915597

98 Descartes the Magician (level 4, 0/24 HPs)
             Began as a Deep Elf Hedge Wizard on May 30, 2021.
             Slain by an iguana (6 damage)
             ... on level 3 of the Dungeon.
             The game lasted 00:06:08 (4154 turns).

Descartes the Magician (Deep Elf Hedge Wizard)      Turns: 4154, Time: 00:06:10

Health: 0/24       AC:  2    Str:  8    XL:     4   Next: 43%
Magic:  9/13       EV: 14    Int: 19    God:
Gold:   57         SH:  0    Dex: 14    Spells: 12/13 levels left

rFire    . . .     SeeInvis .   a - +0 dagger
rCold    . . .     Faith    .   (no shield)
rNeg     . . .     Spirit   .   b - +0 robe
rPois    .         Reflect  .   c - +0 hat
rElec    .         Harm     .   (no cloak)
rCorr    .         Rampage  .   (no gloves)
Will     .....                  (no boots)
Stlth    ++........             (no amulet)
HPRegen  0.08/turn              (no ring)
MPRegen  0.13/turn              (no ring)

@: no status effects
A: no striking features
a: no special abilities


You were on level 3 of the Dungeon.
You visited 1 branch of the dungeon, and saw 4 of its levels.

You collected 57 gold pieces.

Inventory:

Hand Weapons
 a - a +0 dagger (weapon)
Missiles
 k - 65 arrows
 l - 57 stones
 p - 12 sling bullets
Armour
 b - a +0 robe (worn)
 c - a +0 hat (worn)
Magical Staves
 f - a cursed staff of death {unknown}
Jewellery
 s - an uncursed ring of positive energy {unknown}
Wands
 q - a wand of random effects (16)
Scrolls
 g - 4 scrolls of teleportation {unknown}
 h - a scroll of fog {unknown}
 i - 2 scrolls of amnesia {unknown}
 m - 3 scrolls of identify {unknown}
 n - 2 scrolls of remove curse {unknown}
 r - a scroll of blinking {unknown}
Potions
 d - a potion of might
 e - a potion of magic
 j - a potion of invisibility {unknown}
 o - a potion of cancellation {unknown}
 t - a potion of berserk rage {unknown}
 u - a potion of curing {unknown}


   Skills:
 + Level 3.6 Dodging
 - Level 2.4 Stealth
 - Level 5.0 Spellcasting
 + Level 2.6 Conjurations
 - Level 1.1 Summonings
 + Level 2.6 Translocations


You had 12 spell levels left.
You knew the following spells:

 Your Spells              Type           Power        Failure   Level
a - Magic Dart            Conj           56%          4%          1

Your spell library contained the following spells:

 Spells                   Type           Power        Failure   Level
 Blink                    Tloc           N/A          6%          2
 Call Imp                 Summ           8%           12%         2
 Slow                     Hex            4%           19%         2
 Conjure Flame            Conj/Fire      9%           22%         3
 Mephitic Cloud           Conj/Pois/Air  8%           26%         3


Dungeon Overview and Level Annotations

Branches:
Dungeon (4/15)
 Temple: D:4-7

Altars:
Dithmenos
Elyvilon
Nemelex Xobeh
Qazlal
Trog
Uskayaw
Wu Jian
Xom

Annotations:
D:3 3 runed translucent doors, PanSaczeczos's ghost, amateur PaBe


Message History

Aim: an iguana (0% to evade)
The magic dart hits the iguana but does no damage.
The iguana barely misses you.
Casting: Magic Dart (safe; 4% risk of failure)
Confirm with . or Enter, or press ? or * to list all spells.
Aiming: Magic Dart (safe; 4% risk of failure)
Press: ? - help, Shift-Dir - straight line, f/p - iguana
Aim: an iguana (0% to evade)
The magic dart hits the iguana.
The iguana is lightly wounded.
The iguana misses you.
Casting: Magic Dart (safe; 4% risk of failure)
Confirm with . or Enter, or press ? or * to list all spells.
Aiming: Magic Dart (safe; 4% risk of failure)
Press: ? - help, Shift-Dir - straight line, f/p - iguana
Aim: an iguana (lightly wounded, 0% to evade)
The magic dart hits the iguana.
The iguana is lightly wounded.
The iguana bites you.
You die...

#.#.##.....##.##.................
#.###..._...####.#########.###.##
#.# #.......# #.# #.......# #.#
#^#####'# #.# ##.#.#.#.#
#.#########†####.#######........^
...'##....†##.............#.#.#..
####.#######...#.########.......#
#............'l.........#.#.#..
###......).....#@########.......#
..'............#.................
###.........##########...#####.#.
#.........#######..'...'.....#.
#.........##...##'##...#######.
########..##...#.....####.<....
#..##...#.....'.........
#..##...#.....####.#####
#..##...#..........# #


You could see an iguana.

Vanquished Creatures
  4 adders (D:3)
  An ooze (D:1)
  4 worms
  A dart slug (D:2)
  An orc (D:3)
  A giant cockroach (D:1)
  8 goblins
  4 hobgoblins
  8 kobolds
  A quokka (D:2)
  5 bats
  3 frilled lizards
  6 rats
47 creatures vanquished.

Notes
Turn   | Place    | Note
-------+----------+-------------------------------------------
     0 | D:1      | Descartes the Deep Elf Hedge Wizard began the quest for the
                  | Orb.
     0 | D:1      | Reached XP level 1. HP: 10/10 MP: 7/7
   394 | D:1      | Reached XP level 2. HP: 15/15 MP: 3/9
  1466 | D:2      | Found a shadowy altar of Dithmenos.
  1684 | D:2      | Reached XP level 3. HP: 19/19 MP: 9/11
  2936 | D:3      | Reached skill level 5 in Spellcasting
  3156 | D:3      | Found a hide-covered altar of Uskayaw.
  3160 | D:3      | Reached XP level 4. HP: 24/24 MP: 10/13
  3523 | D:3      | Found a bloodstained altar of Trog.
  3575 | D:3      | Found a white marble altar of Elyvilon.
  3575 | D:3      | Found a shimmering altar of Xom.
  3728 | D:3      | Noticed a big kobold
  3729 | D:3      | Found a runed translucent gate.
  3729 | D:3      | Found a runed translucent gate.
  3729 | D:3      | Found a runed translucent gate.
  3729 | D:3      | Noticed PanSaczeczos's ghost (amateur PaBe)
  3729 | D:3      | Identified the +8 short sword "Fociafo" {chaos, Int+4}
  3729 | D:3      | Noticed a big kobold
  4097 | D:4      | Found a sparkling altar of Nemelex Xobeh.
  4097 | D:4      | Found a stormy altar of Qazlal.
  4097 | D:4      | Found an ornate altar of the Wu Jian Council.
  4154 | D:3      | Slain by an iguana

Illustrated notes

Levels and vault maps discovered:
D:1:      dpeg_arrival_brainrot, layout_basic, minmay_misc_feat_secret_circle
D:2:      layout_basic, grunt_dithmenos_smoke
D:3:      layout_basic, lemuel_round_altar, gammafunk_temple_overflow_elements,
          serial_glass, glass_columns_b, glass_columns_a,
          gammafunk_ghost_nasty_kobolds, trog_butcher_becter
D:4:      layout_gridville, chequers_temple_overflow_statue_of_worship,
          ebering_ghost_rock_garden

Skill      XL: |  1  2  3 |
---------------+----------+-----
Dodging        | 3 |  3.6
Translocations | 2 |  2.6
Conjurations   | 2 |  2.6
Spellcasting   | 5 |  5.0
Stealth        | |  2.4
Summonings     | |  1.1

Action                   |  1- 3 |  4- 6 || total
-------------------------+-------+-------++-------
Melee: Dagger            |     2 |       ||     2
 Cast: Magic Dart        |   127 |    43 ||   170
  Use: Potion            |     3 |       ||     3
Armor: Robe              |     4 |       ||     4
Dodge: Dodged            |     9 |    10 ||    19
